 Seeded DCSS version 0.26-a0-852-g6321bf7485 (webtiles) character file.

Game seed: 15416320813395448977 (custom seed)

200 sahdkjhfkaj the Conjurer (level 5, -2/37 HPs)
             Began as a Mummy Conjurer on Nov 22, 2020.
             Slain by an orc
             ... wielding a +0 trident
              (5 damage)
             ... on level 3 of the Dungeon.
             The game lasted 00:08:46 (3769 turns).

sahdkjhfkaj the Conjurer (Mummy Conjurer)           Turns: 3769, Time: 00:08:47

Health: -2/37      AC:  4    Str: 10    XL:     5   Next: 48%
Magic:  0/10       EV: 13    Int: 19    God:
Gold:   109        SH:  0    Dex: 16    Spells: 1/11 levels left

rFire    x . .     SeeInvis .   f - +0 dagger
rCold    + . .     Faith    .   (no shield)
rNeg     + + +     Spirit   .   a - +0 robe
rPois    ∞         Reflect  .   (no helmet)
rElec    .         Harm     .   d - +0 cloak (curse)
rCorr    .         Rampage  .   e - +0 pair of gloves
MR       .....                  (no boots)
Stlth    ++........             (no amulet)
HPRegen  0.12/turn              b - +6 ring of dexterity
MPRegen  0.12/turn              (no ring)

@: no status effects
A: no potions, fire vulnerability, cold resistance 1, negative energy resistance
3, torment resistance, unbreathing
a: no special abilities


You were on level 3 of the Dungeon.
You visited 1 branch of the dungeon, and saw 3 of its levels.

You collected 109 gold pieces.

Inventory:

Hand Weapons
 f - a +0 dagger (weapon)
Armour
 a - a +0 robe (worn)
 d - a cursed +0 cloak (worn)
 e - a +0 pair of gloves (worn)
Jewellery
 b - a +6 ring of dexterity (left hand)
Scrolls
 c - a scroll of remove curse
 g - 2 scrolls of enchant armour
 h - 3 scrolls of identify


   Skills:
 - Level 1.0 Fighting
 - Level 1.0 Short Blades
 - Level 1.0 Armour
 - Level 2.0 Dodging
 - Level 3.0 Stealth
 + Level 3.5 Spellcasting
 - Level 4.0 Conjurations
 - Level 1.0 Hexes


You had one spell level left.
You knew the following spells:

 Your Spells              Type           Power        Failure   Level
a - Searing Ray           Conj           ###...       4%          2
g - Fulminant Prism       Conj/Hex       ##........   45%         4
i - Dazzling Flash        Conj/Hex       ##....       16%         3
k - Magic Dart            Conj           ###.         2%          1

Your spell library contained the following spells:

 Spells                   Type           Power        Failure   Level
 Iskenderun's Mystic Bla  Conj/Tloc      ##......     54%         4


Dungeon Overview and Level Annotations

Branches:
Dungeon (3/15)

Altars:
Dithmenos

Annotations:
D:3 Grinder


Innate Abilities, Weirdness & Mutations

You do not drink.
Your flesh is vulnerable to fire.
You are immune to poison.
Your flesh is cold resistant. (rC+)
You are immune to negative energy. (rN+++)
You are immune to unholy pain and torment.
You can survive without breathing.


Message History

Press: ? - help, Shift-Dir - straight line, f - Grinder
Aim: Grinder, carrying a wand of polymorph (8) (severely wounded)
The searing ray hits Grinder.
Grinder is almost dead. (Press . to maintain the ray.)
The orc hits you from afar with a +0 trident.
* * * LOW HITPOINT WARNING * * *
The orc hits you with a +0 whip.
* * * LOW HITPOINT WARNING * * *
The orc hits you with a +0 flail.
* * * LOW HITPOINT WARNING * * *
The hobgoblin barely misses you. Grinder barely misses you.
You hit Grinder but do no damage.
Grinder is almost dead.
The orc barely misses you. x2; Grinder drinks a potion.
Grinder is healed!
You hit Grinder but do no damage.
Grinder is lightly wounded.
The hobgoblin closely misses you. The orc barely misses you.
The orc hits you from afar with a +0 trident.
You die...

#. < .#####
....< #... #..#
#..#
#.###o.###.#
#..5@oo......
....####g.###[.#
. .oo... #
#.##.## #.# ..#
#.. ... ### .#.


You could see Grinder, 5 orcs and a hobgoblin.

Vanquished Creatures
  Natasha (thrice) (D:2)
  4 gnolls (D:2)
  2 adders (D:2)
  5 worms (D:2)
  A dart slug (D:2)
  3 leopard geckos
  5 bats
  A giant cockroach (D:2)
  7 goblins (D:2)
  6 hobgoblins
  3 jackals (D:2)
  4 kobolds
  A ball python (D:1)
  3 frilled lizards
  7 rats
55 creatures vanquished.

Vanquished Creatures (others)
  A fulminant prism (D:3)
1 creature vanquished.

Grand Total: 56 creatures vanquished

Notes
Turn   | Place    | Note
-------+----------+-------------------------------------------
     0 | D:1      | sahdkjhfkaj the Mummy Conjurer began the quest for the Orb.
     0 | D:1      | Reached XP level 1. HP: 13/13 MP: 4/4
   224 | D:1      | Reached XP level 2. HP: 11/19 MP: 0/6
   227 | D:1      | Learned a level 2 spell: Searing Ray
   712 | D:1      | Reached skill level 1 in Armour
  1087 | D:2      | Reached skill level 1 in Fighting
  1087 | D:2      | Reached XP level 3. HP: 8/26 MP: 0/7
  1091 | D:2      | Learned a level 3 spell: Dazzling Flash
  1698 | D:2      | Noticed Natasha
  1702 | D:2      | Killed Natasha
  1703 | D:2      | Reached skill level 1 in Hexes
  1710 | D:2      | Noticed Natasha
  1998 | D:2      | Killed Natasha
  1999 | D:2      | Reached XP level 4. HP: 16/32 MP: 3/8
  2168 | D:2      | Reached skill level 4 in Conjurations
  2471 | D:2      | Noticed Natasha
  2852 | D:2      | Reached skill level 1 in Short Blades
  2941 | D:2      | Found a shadowy altar of Dithmenos.
  3051 | D:2      | Killed Natasha
  3052 | D:2      | Reached XP level 5. HP: 37/37 MP: 3/9
  3057 | D:2      | Learned a level 4 spell: Fulminant Prism
  3755 | D:3      | Noticed Grinder
  3756 | D:3      | Paralysed by Grinder for 2 turns
  3763 | D:3      | Paralysed by Grinder for 4 turns
  3769 | D:3      | Slain by an orc

Illustrated notes

Levels and vault maps discovered:
D:1:      minmay_arrival_cross, layout_loops_ring,
          hangedman_abyss_or_decor_lesser_grid, minmay_tetromino_o4
D:2:      minmay_razor_zed, layout_loops_ring, overflow_temple_1_default,
          uniq_natasha
D:3:      layout_loops_ring, grunt_qazlal_sundering,
          gammafunk_ghost_abyssal_escape, uniq_grinder

Skill      XL: |  1  2  3  4  5 |
---------------+----------------+-----
Stealth        | 2 3 |  3.0
Spellcasting   | 3 |  3.5
Armour         | 1 |  1.0
Dodging        | 2 |  2.0
Fighting       | 1 |  1.0
Hexes          | 1 |  1.0
Conjurations   | 4 |  4.0
Short Blades   | 1 |  1.0

Action                   |  1- 3 |  4- 6 || total
-------------------------+-------+-------++-------
Melee: Unarmed           |    11 |     2 ||    13
       Dagger            |       |    81 ||    81
 Cast: Magic Dart        |    44 |    10 ||    54
       Searing Ray       |    10 |     9 ||    19
       Fulminant Prism   |       |     1 ||     1
  Use: Scroll            |       |     2 ||     2
 Stab: Sleeping          |     1 |     1 ||     2
Armor: Robe              |     5 |    25 ||    30
Dodge: Dodged            |    29 |    64 ||    93

Table legend: (Time is in decaauts)
 A = Elapsed time spent in this place.
 B = Non-inter-level travel time spent in this place.
 C = Inter-level travel time spent in this place.
 D = Time resting spent in this place.
 E = Time spent auto-exploring this place.
 F = Levels seen in this place.
 G = Mean time per level.
                   A        B        C        D        E       F      G
               +--------+--------+--------+--------+--------+-----+--------+
         Total |   3787 |   3703 |     84 |    422 |   2802 |   3 | 1262.3 |
       Dungeon |   3787 |   3703 |     84 |    422 |   2802 |   3 | 1262.3 |
               +--------+--------+--------+--------+--------+-----+--------+

Top non-repeatable levels by time:
     D:2: 2493 daAuts
     D:1: 1280 daAuts
     D:3: 13 daAuts
